 Dungeon Crawl Stone Soup version 0.28-a0-1292-gb4563b27b3 (webtiles) character file.

Game seed: 17966560040928534036

25936 Cheeritup the Geomancer (level 13, -4/70 HPs)
             Began as a Gargoyle Earth Elementalist on Dec 27, 2021.
             Was the Champion of Hepliaklqana.
             Slain by a swamp worm (13 damage)
             ... on level 4 of the Lair of Beasts.
             The game lasted 01:49:34 (19988 turns).

Cheeritup the Geomancer (GrEE)                     Turns: 19988, Time: 01:49:35

Health: -4/70      AC: 22    Str: 21    XL:     13   Next: 22%
Magic:  20/26      EV: 18    Int: 21    God:    Hepliaklqana [******]
Gold:   943        SH:  4    Dex: 10    Spells: 8/31 levels left

rFire   x . .      SeeInvis .   S - +9 war axe of the Shimmering Pariah {pain, *Noise rF- Will+++ Str+9}
rCold   . . .      Faith    .   w - +0 buckler
rNeg    + . .      Spirit   .   B - +1 robe {Archmagi}
rPois   ∞          Reflect  .   U - +0 helmet
rElec   +          Harm     .   O - +2 cloak
rCorr   .          Rampage  .   a - +0 pair of gloves
Will    +++..      Archmagi +   C - +0 pair of boots
Stlth   +++.......              (no amulet)
HPRegen 0.21/turn               b - ring of wizardry
MPRegen 0.20/turn               z - +4 ring of evasion

@: slowed, very slow
A: reduced essence, sickness immunity, AC +9, negative energy resistance 1,
electricity resistance, torment resistance 1, petrification resistance,
iridescent scales 2
a: Renounce Religion, Recall Ancestor, Ancestor Identity, Transference, Idealise


You were on level 4 of the Lair of Beasts.
You worshipped Hepliaklqana.
Hepliaklqana was exalted by your worship.
You visited 2 branches of the dungeon, and saw 17 of its levels.
You also visited: Sewer.

You collected 943 gold pieces.

Inventory:

Hand Weapons
 o - a +5 dire flail of flaming
 P - the +5 mace of Jothral {vorpal, Dex+6}
   (You found it on level 1 of the Lair of Beasts)

   It inflicts extra damage upon your enemies.
   Dex:       It affects your dexterity (+6).
 S - the +9 war axe of the Shimmering Pariah (weapon) {pain, *Noise rF- Will+++ Str+9}
   (You found it on level 2 of the Lair of Beasts)

   In the hands of one skilled in necromantic magic, it inflicts extra damage on
   living creatures.
   Str:       It affects your strength (+9).
   rF:        It makes you vulnerable to fire.
   *Noise:    It may make noises in combat.
   Will:      It greatly increases your willpower.
Missiles
 c - 285 stones
 i - 51 poisoned darts
 n - 4 throwing nets
 x - 2 atropa-tipped darts
 N - 3 datura-tipped darts
Armour
 a - a +0 pair of gloves (worn)
 w - a +0 buckler (worn)
 B - a +1 robe of the Archmagi (worn)
 C - a +0 pair of boots (worn)
 K - +0 steam dragon scales
 O - a +2 cloak (worn)
 U - a +0 helmet (worn)
Magical Staves
 e - a staff of death
 m - a staff of conjuration
Jewellery
 b - a ring of wizardry (left hand)
 d - a ring of flight
 p - a ring of flight
 z - a +4 ring of evasion (right hand)
 F - a +4 ring of evasion
 R - a ring of flight
 V - a ring of see invisible
Wands
 u - a wand of paralysis (5)
 y - a wand of charming (3)
 A - a wand of acid (17)
 J - a wand of flame (17)
 L - a wand of digging (11)
 X - a wand of polymorph (3)
Scrolls
 g - 3 scrolls of amnesia
 h - a scroll of teleportation
 l - 2 scrolls of fog
 q - 7 scrolls of noise
 r - 3 scrolls of immolation
 E - a scroll of summoning
 Q - 2 scrolls of identify
 T - 2 scrolls of enchant weapon {unknown}
 W - a scroll of enchant armour {unknown}
Potions
 f - 5 potions of curing
 j - 2 potions of attraction {unknown}
 k - 3 potions of heal wounds {unknown}
 s - 2 potions of ambrosia {unknown}
 t - a potion of berserk rage {unknown}
 v - 2 potions of mutation
 D - a potion of degeneration {unknown}
 G - a potion of invisibility {unknown}
 H - a potion of flight {unknown}
 I - 3 potions of magic {unknown}
 M - 2 potions of haste {unknown}


   Skills:
 - Level 8.0 Fighting
 - Level 3.1 Staves
 + Level 7.1 Dodging
 - Level 8.0 Stealth
 - Level 4.0 Shields
 + Level 9.5 Spellcasting
 + Level 9.6 Conjurations
 - Level 0.7 Transmutations
 + Level 12.7 Earth Magic
 - Level 5.0 Invocations


You had 8 spell levels left.
You knew the following spells:

 Your Spells              Type           Power      Damage    Failure   Level
a - Sandblast             Erth           100%       2d20      1%          1
b - Passwall              Tmut/Erth      45%        N/A       1%          2
c - Stone Arrow           Conj/Erth      100%       3d13      1%          3
d - Petrify               Tmut/Erth      55%        N/A       1%          4
e - Cause Fear            Hex            7%         N/A       26%         4
f - Lee's Rapid Deconstr  Erth           38%        3d20*     1%          5
g - Leda's Liquefaction   Hex/Erth       26%        N/A       1%          4

Your spell library contained the following spells:

 Spells                   Type           Power      Damage    Failure   Level
 Apportation              Tloc           30%        N/A       2%          1
 Pain                     Necr           60%        1d7       2%          1
 Slow                     Hex            60%        N/A       2%          1
 Sting                    Tmut/Pois      68%        1d6       2%          1
 Corpse Rot               Necr/Air       30%        N/A       4%          2
 Poisonous Vapours        Pois/Air       30%        N/A       4%          2
 Confusing Touch          Hex            15%        N/A       9%          3
 Inner Flame              Hex/Fire       15%        N/A       9%          3
 Vampiric Draining        Necr           15%        2d7       9%          3
 Alistair's Intoxication  Tmut/Pois      11%        N/A       52%         5
 Agony                    Necr           15%        N/A       56%         5
 Excruciating Wounds      Necr           7%         N/A       56%         5
 Metabolic Englaciation   Hex/Ice        7%         N/A       56%         5
 Discord                  Hex            7%         N/A       100%        8
 Statue Form              Tmut/Erth      Unusable   N/A       N/A         6

Dungeon Overview and Level Annotations

Branches:
Dungeon (11/15)            Temple (0/1) D:4            Lair (6/6) D:11
 Shoals (0/4) Lair:2       Spider (0/4) Lair:4          Orc (0/2) D:10
  Sewer (visited)
  Slime: Lair:5-6

Altars:
Cheibriados
Gozag
Hepliaklqana
Kikubaaqudgha
Qazlal
Ru
Sif Muna
Uskayaw
Wu Jian
Xom
Zin
The Shining One

Shops:
D:3 (   D:5 *

Annotations:
Lair:1 1 runed translucent door, PlayingRandomsOnly's ghost, journeyman OpGl
Lair:3 1 runed translucent door, fly's ghost, adept FoDe


Innate Abilities, Weirdness & Mutations

Your life essence is reduced to manifest your ancestor. (-10% HP)
You are immune to sickness and miasma.
Your stone body is resilient. (AC +9)
You are immune to poison.
You resist negative energy. (rN+)
You are resistant to electric shocks. (rElec)
You are resistant to unholy torment.
You are immune to petrification.
You are mostly covered in iridescent scales. (AC +4)


Message History

Miller hits the swamp worm with a +0 flail.
Aiming: Stone Arrow (safe; 1% risk of failure)
Press: ? - help, Q - select action, (/) - cycle Shift-Dir - straight line, f/p - swamp worm
Aim: a swamp worm (heavily wounded, ally target, 72% to hit)
You feel a surge of power!
The stone arrow hits the swamp worm!
You kill the swamp worm!
The tyrant leech completely misses you.
The swamp worm fires a harpoon shot at you.
The harpoon shot misses you.
The swamp worm fires a harpoon shot at you.
The harpoon shot hits Miller!
The swamp worm bites Miller!!
Aiming: Stone Arrow (safe; 1% risk of failure)
Press: ? - help, Q - select action, (/) - cycle Shift-Dir - straight line, f - tyrant leech
Aim: a tyrant leech (63% to hit)
You feel a surge of power!
The stone arrow hits the tyrant leech!!
The tyrant leech is moderately wounded.
The swamp worm bites Miller!
Miller is destroyed!
The tyrant leech bites you!
You closely miss the tyrant leech.
The tyrant leech is moderately wounded.
The tyrant leech bites you! You block the tyrant leech's attack.
You miss the tyrant leech.
The tyrant leech is moderately wounded.
You barely miss the swamp worm. The swamp worm completely misses you.
The tyrant leech bites you! The swamp worm bites you!
The tyrant leech bites you but does no damage.
You slash the tyrant leech!
The tyrant leech is heavily wounded.
You completely miss the swamp worm. You barely miss the torpor snail.
The swamp worm closely misses you. The swamp worm completely misses you.
The tyrant leech bites you!!
* * * LOW HITPOINT WARNING * * *
The torpor snail bites you.
* * * LOW HITPOINT WARNING * * *
The swamp worm misses you. The tyrant leech closely misses you.
You feel better. The swamp worm closely misses you.
You block the torpor snail's attack. The tyrant leech closely misses you.
The swamp worm bites you!
You die...

##.^.^^^>^.^.......#...÷.#.
#..^^.^^.^.^.....###......
#.^^^^.^....^..### #...<..
#..^^^^...^....# #......
##..^^.^.^^....#####P.....
#...^...^......#..##.....
##.#.....................
###.##...w.[..............†
##........w@#...P....<.[....
##≈≈≈≈≈...†w##..P#...........
#≈≈≈≈≈≈≈....##P..............
#≈≈≈≈≈P≈≈...##P...............
#≈≈≈##≈##≈≈...#########..#P####
#≈≈≈#≈"w#≈≈≈..# #.#### #.≈≈
#≈≈≈##≈≈.## ### #.≈≈
≈≈≈$|#≈≈..# ..≈ ##$≈≈##≈≈#.# #


You could see a tyrant leech, a torpor snail and a swamp worm.

Vanquished Creatures
  Harold (D:9)
  3 hydras
  4 death yaks (Lair:1)
  3 merfolk sirens (Lair:2)
  A black mamba (Lair:3)
  3 cane toads
  2 rime drakes (Lair:4)
  9 komodo dragons
  A troll (D:10)
  A blink frog (Lair:2)
  3 shadows (D:11)
  A wraith (D:7)
  A basilisk (Lair:4)
  A wyvern (Lair:3)
  11 yaks
  2 steam dragons
  Menkaure (D:6)
  8 water moccasins
  An acid dragon (D:5)
  A swamp worm (Lair:4)
  An ice beast (D:7)
  A black bear (D:11)
  A sky beast (D:7)
  3 orc warriors
  A wolf (Lair:4)
  An ogre (D:6)
  A phantom (D:6)
  2 kobold brigands
  9 bullfrogs
  A gnoll sergeant (D:8)
  2 scorpions
  A wyvern skeleton (D:5)
  3 wights (D:9)
  20 killer bees
  2 howler monkeys (D:9)
  A lava snake (D:9)
  4 centaur zombies
  5 orc priests
  A bullfrog skeleton (D:7)
  12 orc wizards
  An iguana (D:6)
  5 gnolls (D:8)
  4 adders
  A white imp (D:7)
  2 ufetubi
  An adder zombie (D:3)
  An adder skeleton (D:4)
  A worm (D:5)
  A dart slug (D:1)
  23 orcs
  5 endoplasms
  7 giant cockroaches
  2 goblins (D:1)
  6 hobgoblins
  18 kobolds
  6 quokkas
  3 ball pythons
  4 bats
  3 frilled lizards
  5 rats
229 creatures vanquished.

Vanquished Creatures (collateral kills)
  2 death yaks (Lair:1)
  Maurice (D:9)
  A cane toad (Lair:4)
  A komodo dragon (Lair:2)
  A polar bear (Lair:6)
  A merfolk (Lair:2)
  A tyrant leech (Lair:4)
  A meliai zombie (D:11)
  4 blink frogs (Lair:2)
  12 yaks
  A basilisk (Lair:5)
  3 water moccasins
  Pargi (Sewer)
  2 orc warriors
  A black bear (Lair:4)
  2 ogres (D:5)
  3 centaurs
  3 wolves (Lair:4)
  A kobold brigand (D:5)
  A wyvern zombie (D:8)
  A bullfrog (Lair:4)
  2 scorpions
  6 killer bees
  A howler monkey (D:9)
  2 bullfrog zombies (D:5)
  3 hounds
  An orc priest (D:6)
  2 centaur skeletons
  3 iguanas
  3 orc wizards
  An adder (D:3)
  2 worms
  A dart slug (D:4)
  2 orcs (D:6)
  3 bats
  2 endoplasms
  3 goblins
  A hobgoblin (D:4)
  7 kobolds
  A rat (D:3)
90 creatures vanquished.

Vanquished Creatures (others)
  8 knights
  A bush (Lair:4)
  58 fungi
  68 plants
135 creatures vanquished.

Grand Total: 454 creatures vanquished

Notes
Turn   | Place    | Note
-------+----------+-------------------------------------------
     0 | D:1      | Cheeritup the Gargoyle Earth Elementalist began the quest
                  | for the Orb.
     0 | D:1      | Reached XP level 1. HP: 10/10 MP: 3/3
   312 | D:1      | Reached XP level 2. HP: 2/16 MP: 0/5
   769 | D:1      | Reached skill level 4 in Earth Magic
  1386 | D:1      | Found a faded altar of an unknown god.
  1415 | D:1      | Reached XP level 3. HP: 19/20 MP: 6/6
  1442 | D:1      | Prayed at the altar of an unknown god.
  1442 | D:1      | Became a worshipper of Hepliaklqana the Forgotten
  1442 | D:1      | Reached * piety under Hepliaklqana
  1635 | D:1      | Reached skill level 1 in Fighting
  1800 | D:2      | Learned a level 2 spell: Passwall
  1804 | D:2      | Learned a level 3 spell: Stone Arrow
  2433 | D:2      | Learned a level 2 spell: Passwall
  2916 | D:3      | Reached XP level 4. HP: 22/22 MP: 6/8
  2946 | D:3      | Found Sucwuco's Antique Weapon Shoppe.
  3086 | D:3      | Reached ** piety under Hepliaklqana
  3093 | D:3      | Remembered your ancestor Miller as a knight
  3561 | D:4      | Found a staircase to the Ecumenical Temple.
  3628 | D:4      | Found a shimmering altar of Xom.
  3629 | D:4      | Found a glowing silver altar of Zin.
  3630 | D:4      | Found an ancient bone altar of Kikubaaqudgha.
  3635 | D:4      | Found a stormy altar of Qazlal.
  3636 | D:4      | Found a snail-covered altar of Cheibriados.
  3651 | D:4      | Reached XP level 5. HP: 26/26 MP: 9/9
  3681 | D:4      | Reached skill level 1 in Staves
  3681 | D:4      | Reached skill level 5 in Earth Magic
  4318 | D:4      | Reached XP level 6. HP: 16/31 MP: 11/11
  4475 | D:4      | Found a glowing golden altar of the Shining One.
  4661 | D:5      | Entered Level 5 of the Dungeon
  4724 | D:5      | Reached skill level 6 in Earth Magic
  4724 | D:5      | Reached XP level 7. HP: 18/36 MP: 5/13
  4729 | D:5      | Learned a level 4 spell: Petrify
  4771 | D:5      | Found a glowing drain.
  4813 | Sewer    | Entered a sewer
  4829 | Sewer    | Noticed Pargi
  4833 | Sewer    | Killed Pargi
  5210 | D:5      | Identified a scroll of acquirement
  5210 | D:5      | Acquired a book of Hexes
  5283 | D:5      | Reached XP level 8. HP: 31/41 MP: 14/14
  5367 | D:5      | Found a sacrificial altar of Ru.
  5554 | D:5      | Found Pagh's Serpentskin Sales.
  5563 | D:5      | Reached skill level 7 in Earth Magic
  5777 | D:5      | Found a shimmering blue altar of Sif Muna.
  5796 | D:5      | Got Sif Muna's Papyrus of Transmutation
  5882 | D:5      | Reached skill level 5 in Spellcasting
  6145 | D:6      | Found an opulent altar of Gozag.
  6325 | D:6      | Reached *** piety under Hepliaklqana
  6567 | D:6      | Noticed Menkaure
  6573 | D:6      | Killed Menkaure
  6574 | D:6      | Reached skill level 5 in Stealth
  6673 | D:6      | Reached skill level 1 in Conjurations
  7142 | D:6      | Reached XP level 9. HP: 46/46 MP: 10/17
  7537 | D:7      | Found a hazy altar of Hepliaklqana.
  7886 | D:7      | Reached skill level 8 in Earth Magic
  8211 | D:7      | Reached skill level 1 in Shields
  9223 | D:8      | Found an ornate altar of the Wu Jian Council.
  9388 | D:8      | Reached XP level 10. HP: 52/52 MP: 4/19
  9398 | D:8      | Reached skill level 9 in Earth Magic
  9517 | D:8      | Reached **** piety under Hepliaklqana
  9894 | D:8      | Reached skill level 5 in Fighting
 10276 | D:9      | Noticed Maurice
 10284 | D:9      | Noticed Harold
 10288 | D:9      | Noticed a six-headed hydra
 10416 | D:9      | Learned a level 4 spell: Cause Fear
 10478 | D:9      | Killed Harold
 10610 | D:9      | Noticed a two-headed ogre
 10631 | D:9      | Reached skill level 5 in Conjurations
 11278 | D:10     | Entered Level 10 of the Dungeon
 11560 | D:10     | Reached skill level 10 in Earth Magic
 11678 | D:10     | Learned a level 5 spell: Lee's Rapid Deconstruction
 11683 | D:10     | Learned a level 4 spell: Leda's Liquefaction
 11773 | D:10     | Found a staircase to the Orcish Mines.
 11811 | D:10     | Reached XP level 11. HP: 56/57 MP: 6/21
 12892 | D:9      | Reached skill level 5 in Invocations
 13036 | D:9      | Killed Maurice
 13298 | D:9      | Killed a six-headed hydra
 13474 | D:11     | Noticed a six-headed hydra
 13479 | D:11     | Killed a six-headed hydra
 13552 | D:11     | Reached ***** piety under Hepliaklqana
 13613 | D:11     | Gained mutation: You are partially covered in iridescent
                  | scales. (AC +2) [potion of mutation]
 13613 | D:11     | Gained mutation: You are mostly covered in iridescent
                  | scales. (AC +4) [potion of mutation]
 13881 | D:11     | Noticed a +0 hand axe
 13882 | D:11     | Noticed a +0 hand axe
 13883 | D:11     | Found a hide-covered altar of Uskayaw.
 14217 | D:11     | Noticed a boulder beetle
 14284 | D:11     | Found a staircase to the Lair.
 14837 | Lair:1   | Entered Level 1 of the Lair of Beasts
 15145 | Lair:1   | Noticed a death yak
 15145 | Lair:1   | Noticed a death yak
 15156 | Lair:1   | Killed a death yak
 15157 | Lair:1   | Reached skill level 5 in Dodging
 15171 | Lair:1   | Noticed a death yak
 15171 | Lair:1   | Noticed a death yak
 15171 | Lair:1   | Noticed a death yak
 15171 | Lair:1   | Noticed a death yak
 15192 | Lair:1   | Killed a death yak
 15193 | Lair:1   | Reached XP level 12. HP: 65/65 MP: 1/23
 15427 | Lair:1   | Identified the +5 mace of Jothral {vorpal, Dex+6}
 15771 | Lair:1   | Killed a death yak
 15772 | Lair:1   | Reached skill level 11 in Earth Magic
 15836 | Lair:1   | Killed a death yak
 15846 | Lair:1   | Killed a death yak
 16044 | Lair:1   | Killed a death yak
 16461 | Lair:1   | Found a runed translucent door.
 16463 | Lair:1   | Noticed PlayingRandomsOnly's ghost (journeyman OpGl)
 16468 | Lair:1   | Identified the +5 spear "Toanloit" {vorpal, rF+}
 17056 | Lair:2   | Identified the +9 war axe of the Shimmering Pariah {pain,
                  | *Noise rF- Will+++ Str+9}
 17557 | Lair:2   | Found a staircase to the Shoals.
 17826 | Lair:3   | Noticed fly's ghost (adept FoDe)
 17826 | Lair:3   | Found a runed translucent door.
 17829 | Lair:3   | You fall into a shaft and drop 3 floors!
 17829 | Lair:6   | Entered Level 6 of the Lair of Beasts
 18120 | Lair:5   | Reached skill level 12 in Earth Magic
 18358 | Lair:4   | Noticed a death yak
 18375 | Lair:4   | Found a hole to the Spider Nest.
 18379 | Lair:4   | Noticed a death yak
 18381 | Lair:4   | Noticed a death yak
 18393 | Lair:4   | Noticed a death yak
 18400 | Lair:4   | Noticed an eight-headed hydra
 18409 | Lair:4   | Noticed a death yak
 18678 | Lair:3   | Reached XP level 13. HP: 56/70 MP: 19/26
 19244 | Lair:3   | Reached ****** piety under Hepliaklqana
 19987 | Lair:4   | HP: 2/70 [torpor snail (2)]
 19988 | Lair:4   | Slain by a swamp worm

Illustrated notes

Levels and vault maps discovered:
D:1:      roderic_chinese_lattice_arrival, layout_rooms,
          hellmonk_ecumenical_altar_pennies_from_heaven
D:2:      layout_basic, kennysheep_pointless_box
D:3:      layout_loops_ring, serial_shops, shop, minmay_circle_x
D:4:      layout_cave_pools, mainiacjoe_overflow_alcove_1,
          grunt_temple_overflow_open, minmay_temple_entry_crystal_x,
          nicolae_elevator_lobby_asterisk
D:5:      layout_loops_ring, nicolae_ru_sacrificial_ziggurat, led_sif_book,
          gup_sewer_entry_pipe, guppyfry_shop_venom
D:6:      layout_cave_pods, mainiacjoe_overflow_24_doors,
          chequers_serial_rivers_room_b, uniq_menkaure
D:7:      layout_basic, nzn_hepliaklqana_mist_gate, kennysheep_small_square
D:8:      layout_loops_ring, nicolae_wu_jian_immortal_techniques
D:9:      layout_basic, kennysheep_generic_room_2, uniq_maurice, uniq_harold
D:10:     layout_irregular_city, orc_0_dummy
D:11:     layout_cave_pods, due_lair_maze_entry_diamond, dancing_weapons_uskayaw
Lair:1:   layout_loops_ring, ebering_ghost_funeral_grove
Lair:2:   layout_regular_city, elwin_shoals_entry_stream,
          infiniplex_staircase_pool_2
Lair:3:   layout_long_grid, hellmonk_ghost_happy_afterlife,
          grunt_forest_small_clearing_treed
Lair:4:   layout_hall_layers, spider_nest_entry_web_field, worms_lemuel
Lair:5:   layout_regular_city
Lair:6:   hellmonk_lair_end_abyssal_woods, layout_regular_city,
          minmay_slime_entry_jelly_boxes, lookout_lair_type, grunt_megastairs_1

Skill      XL: |  1  2  3  4  5  6  7  8  9 10 11 12 13 |
---------------+----------------------------------------+-----
Earth Magic    | 4 5 6 7 8 10 12 | 12.7
Fighting       | 1 2 3 4 5 8 |  8.0
Stealth        | 3 4 5 6 8 |  8.0
Spellcasting   | 3 4 5 6 7 9 |  9.5
Staves         | 1 2 3 |  3.1
Dodging        | 2 3 4 5 6 7 |  7.1
Conjurations   | 1 3 5 7 9 |  9.6
Shields        | 4 |  4.0
Invocations    | 4 5 |  5.0
Transmutations | |  0.7

Action                   |  1- 3 |  4- 6 |  7- 9 | 10-12 | 13-15 || total
-------------------------+-------+-------+-------+-------+-------++-------
Melee: Unarmed           |     9 |       |       |       |       ||     9
       Club              |    59 |       |       |       |       ||    59
       Quarterstaff      |     9 |    10 |       |       |       ||    19
       Staff             |       |    55 |   149 |   124 |       ||   328
       War axe           |       |       |       |    19 |    29 ||    48
 Cast: Sandblast         |    21 |    15 |    45 |    40 |       ||   121
       Stone Arrow       |     1 |       |    64 |   220 |    30 ||   315
       Petrify           |       |       |     3 |     2 |       ||     5
       Passwall          |       |       |       |     3 |       ||     3
       Lee's Rapid Decon |       |       |       |     2 |       ||     2
       Leda's Liquefacti |       |       |       |     2 |       ||     2
Invok: Ancestor Identity |     1 |       |       |       |       ||     1
       Ancestor Life: Kn |       |     1 |       |       |       ||     1
       Transference      |       |       |     1 |     1 |       ||     2
       Recall Ancestor   |       |       |       |     5 |       ||     5
       Idealise          |       |       |       |     1 |       ||     1
Evoke: Wand              |       |       |       |     1 |       ||     1
  Use: Scroll            |     4 |     1 |     4 |    12 |       ||    21
       Potion            |       |       |       |     1 |     1 ||     2
 Stab: Sleeping          |     1 |     1 |     2 |       |       ||     4
       Distracted        |     2 |       |       |       |       ||     2
Armor: Robe              |    36 |    33 |    63 |    75 |    18 ||   225
Dodge: Dodged            |    55 |    51 |   135 |   152 |    49 ||   442
Block: Buckler           |       |       |     5 |    31 |    14 ||    50

Table legend: (Time is in decaauts)
 A = Elapsed time spent in this place.
 B = Non-inter-level travel time spent in this place.
 C = Inter-level travel time spent in this place.
 D = Time resting spent in this place.
 E = Time spent auto-exploring this place.
 F = Levels seen in this place.
 G = Mean time per level.
                   A        B        C        D        E       F      G
               +--------+--------+--------+--------+--------+-----+--------+
         Total |  20078 |  19612 |    466 |   6817 |   6917 |  18 | 1115.4 |
       Dungeon |  14650 |  14239 |    411 |   4976 |   5327 |  11 | 1331.8 |
          Lair |   5203 |   5148 |     55 |   1800 |   1588 |   6 |  867.2 |
         Sewer |    224 |    224 |      0 |     41 |      2 |   1 |  224.0 |
               +--------+--------+--------+--------+--------+-----+--------+

Top non-repeatable levels by time:
  Lair:1: 1941 daAuts
     D:9: 1837 daAuts
     D:1: 1759 daAuts
     D:8: 1488 daAuts
    D:11: 1387 daAuts
    D:10: 1356 daAuts
     D:7: 1330 daAuts
     D:6: 1323 daAuts
     D:5: 1236 daAuts
     D:4: 1148 daAuts
  Lair:2: 1092 daAuts
  Lair:3: 1008 daAuts
     D:3: 969 daAuts
     D:2: 813 daAuts
  Lair:4: 666 daAuts
